 Dungeon Crawl Stone Soup version 0.29-a0-512-gf59ac788ac (webtiles) character file.

Game seed: 8474908521599832377

233 NateTC the Skirmisher (level 6, -6/58 HPs)
             Began as a Hill Orc Fighter on May 30, 2022.
             Was a Follower of Beogh.
             Mangled by Menkaure (14 damage)
             ... on level 4 of the Dungeon.
             The game lasted 00:06:32 (2937 turns).

NateTC the Skirmisher (Hill Orc Fighter)            Turns: 2937, Time: 00:06:32

Health: -6/58      AC:  8    Str: 21    XL:     6   Next: 5%
Magic:  6/6        EV:  9    Int:  8    God:    Beogh [*.....]
Gold:   266        SH:  4    Dex: 10    Spells: 5/5 levels left

rFire   . . .      SeeInvis .   a - +1 war axe
rCold   . . .      Faith    .   c - +0 buckler
rNeg    . . .      Spirit   .   b - +0 scale mail
rPois   +          Reflect  .   i - +2 hat
rElec   .          Harm     .   (no cloak)
rCorr   .          Rampage  .   (no gloves)
Will    .....                   (no boots)
Stlth   ..........              (no amulet)
HPRegen 0.19/turn               k - ring of poison resistance
MPRegen 0.10/turn               (no ring)

@: mighty
A: no striking features
a: Renounce Religion


You were on level 4 of the Dungeon.
You worshipped Beogh.
Beogh was aware of your devotion.
You visited 1 branch of the dungeon, and saw 4 of its levels.

You collected 266 gold pieces.

Inventory:

Hand Weapons
 a - a +1 war axe (weapon)
Missiles
 l - 2 throwing nets (quivered)
Armour
 b - a +0 scale mail (worn)
 c - a +0 buckler (worn)
 i - a +2 hat (worn)
Jewellery
 k - a ring of poison resistance (left hand)
Scrolls
 g - a scroll of enchant weapon
Potions
 d - a potion of might
 e - a potion of heal wounds
 f - 2 potions of mutation {unknown}
 h - 2 potions of haste
 j - 5 potions of curing
 m - a potion of flight {unknown}
 n - a potion of brilliance {unknown}


   Skills:
 * Level 6.7 Fighting
 - Level 5.2 Axes
 - Level 3.2 Armour
 - Level 3.2 Shields


You had 5 spell levels left.
You didn't know any spells.
Your spell library was empty.

Dungeon Overview and Level Annotations

Branches:
Dungeon (4/15)
 Temple: D:4-7

Altars:
Makhleb

Shops:
D:2 !

Annotations:
D:4 Menkaure


Message History

You closely miss the orc.
The orc priest miscasts a cantrip.
There are monsters nearby!
You barely miss the orc. You block the orc's attack.
Menkaure calls on the powers of darkness!
The orc convulses! x2; The orc priest convulses!
Your body is wracked with pain!
The orc barely misses you.
You barely miss the orc.
The orc is moderately wounded.
The orc closely misses you.
Okay, then.
You feel much better. The orc closely misses you.
You feel very mighty all of a sudden. The orc hits you with a +0 falchion.
You slash the orc!
You kill the orc!
Beogh accepts your kill.
You slash the orc!
You kill the orc!
Beogh accepts your kill.
The orc priest looks braver for a moment.
You slash Menkaure!
Menkaure is moderately damaged.
Menkaure hits you!
Menkaure points at you and mumbles some strange words.
Pain shoots through your body!
You hit Menkaure.
Menkaure is moderately damaged.
Menkaure gestures at you while chanting.
Pain shoots through your body!
The orc priest mumbles some strange prayers to Beogh against you.
Beogh smites you!
* * * LOW HITPOINT WARNING * * *
You slash Menkaure!
Menkaure is severely damaged.
Menkaure calls on the powers of darkness!
The orc priest convulses!
Your body is wracked with pain!
* * * LOW HITPOINT WARNING * * *
Menkaure hits you!
You die...

.#####...#.#######..).[.#
#.......[...# #.#<...#
....>.>.#.###.#
#.###...... #
#########.....# #..
..####
P♣♣♣♣♣##♣♣#.######### ##
PPP#≈..PP♣#........
PPP.....PP#.#######
.#÷.....)P#.############
.#...§†÷)...##..@Mo.....
.#......)P#.##.#########
P.#.....#P#.##.#
P#PP...PP♣#.##.#
#♣♣♣P♣P♣♣#.##.#
##########.##.#
#...........#.#
#......######.#
####.#.##..<#.#


You could see Menkaure (fast) and an orc priest.

Vanquished Creatures
  A kobold brigand (D:4)
  A scorpion (D:3)
  An orc wizard (D:3)
  A worm (D:2)
  A dart slug (D:1)
  5 orcs
  4 bats
  5 endoplasms
  3 giant cockroaches
  7 goblins
  8 hobgoblins
  7 jackals
  2 quokkas (D:1)
  4 ball pythons
  9 frilled lizards
  6 kobolds
  8 rats
73 creatures vanquished.

Vanquished Creatures (others)
  A ball python (D:3)
  11 plants
12 creatures vanquished.

Grand Total: 85 creatures vanquished

Notes
Turn   | Place    | Note
-------+----------+-------------------------------------------
     0 | D:1      | NateTC the Hill Orc Fighter began the quest for the Orb.
     0 | D:1      | Reached XP level 1. HP: 19/19 MP: 1/1
   184 | D:1      | Reached XP level 2. HP: 26/26 MP: 2/2
  1078 | D:2      | Found Kiomeol's Distillery.
  1112 | D:2      | Reached XP level 3. HP: 31/31 MP: 3/3
  1318 | D:2      | Found a burning altar of Makhleb.
  1322 | D:2      | Reached skill level 5 in Axes
  2026 | D:3      | Became a worshipper of Beogh the Brigand
  2190 | D:3      | Noticed a scorpion
  2196 | D:3      | Killed a scorpion
  2197 | D:3      | Reached skill level 5 in Fighting
  2197 | D:3      | Reached XP level 4. HP: 33/42 MP: 4/4
  2297 | D:3      | Reached XP level 5. HP: 30/48 MP: 5/5
  2754 | D:4      | Reached * piety under Beogh
  2795 | D:4      | Noticed a kobold brigand
  2802 | D:4      | Killed a kobold brigand
  2803 | D:4      | Reached skill level 6 in Fighting
  2803 | D:4      | Reached XP level 6. HP: 58/58 MP: 6/6
  2925 | D:4      | Noticed Menkaure
  2937 | D:4      | Mangled by Menkaure

Illustrated notes

Levels and vault maps discovered:
D:1:      evilmike_arrival_hilbert_curve, layout_loops_cross, serial_forest,
          infiniplex_forest_straight_5, infiniplex_forest_end_1,
          infiniplex_forest_join, infiniplex_forest_fountain,
          infiniplex_forest_diagonal, infiniplex_forest_end_double,
          infiniplex_forest_end_3, infiniplex_forest_lined_room_2,
          infiniplex_forest_corner_1, infiniplex_forest_clump_small
D:2:      layout_basic, serial_shops, nicolae_shop_hallway_stairs, basic_altar
D:3:      cheibrodos_pilgrimage, layout_loops_ring, minmay_misc_feat_plants,
          st_stairs_3
D:4:      layout_basic, lexackson_kobold_supper, uniq_menkaure

Skill      XL: |  1  2  3  4  5 |
---------------+----------------+-----
Axes           | 3 4 5 |  5.2
Fighting       | 5 6 |  6.7
Armour         | |  3.2
Shields        | |  3.2

Action                   |  1- 3 |  4- 6 || total
-------------------------+-------+-------++-------
Melee: War axe           |    78 |    63 ||   141
Invok: Convert to Beogh  |     1 |       ||     1
  Use: Scroll            |     9 |       ||     9
       Potion            |       |     2 ||     2
Armor: Scale mail        |    24 |    20 ||    44
Dodge: Dodged            |    24 |    22 ||    46
Block: Buckler           |    15 |     9 ||    24

Table legend: (Time is in decaauts)
 A = Elapsed time spent in this place.
 B = Non-inter-level travel time spent in this place.
 C = Inter-level travel time spent in this place.
 D = Time resting spent in this place.
 E = Time spent auto-exploring this place.
 F = Levels seen in this place.
 G = Mean time per level.
                   A        B        C        D        E       F      G
               +--------+--------+--------+--------+--------+-----+--------+
         Total |   2977 |   2916 |     61 |    202 |   2044 |   4 |  744.2 |
       Dungeon |   2977 |   2916 |     61 |    202 |   2044 |   4 |  744.2 |
               +--------+--------+--------+--------+--------+-----+--------+

Top non-repeatable levels by time:
     D:1: 1089 daAuts
     D:2: 906 daAuts
     D:3: 762 daAuts
     D:4: 219 daAuts
